 Dungeon Crawl Stone Soup version 0.30.0-13-g156ef70053 (webtiles) character file.

Game seed: 788009572882234335

353 safid the Chiller (level 6, -1/48 HPs)
             Began as a Merfolk Ice Elementalist on May 17, 2023.
             Was an Initiate of Vehumet.
             Slain by Grinder (7 damage)
             ... on level 4 of the Dungeon.
             The game lasted 00:09:39 (3573 turns).

safid the Chiller (Merfolk Ice Elementalist)        Turns: 3573, Time: 00:09:39

Health: -1/48      AC: 12    Str:  9    XL:     6   Next: 62%
Magic:  2/11       EV: 12    Int: 16    God:    Vehumet [......]
Gold:   232        SH:  0    Dex: 14    Spells: 5/12 levels left

rFire   . . .        v - +0 dagger (venom)
rCold   + . .        (no shield)
rNeg    . . .        a - +0 robe
rPois   .            q - +2 helmet
rElec   .            i - +0 cloak
rCorr   .            (no gloves)
SInv    +            (no boots)
Will    .....        (no amulet)
Stlth   ++           x - ring of see invisible
HPRegen 0.28/turn    m - ring of protection from cold
MPRegen 0.12/turn

%: no passive effects
@: ice-armoured, freezing walls, studying Poison Magic
A: (nimble swimmer 2), mertail
a: Renounce Religion


You were on level 4 of the Dungeon.
You worshipped Vehumet.
Vehumet was noncommittal.
You visited 1 branch of the dungeon, and saw 4 of its levels.

You collected 232 gold pieces.

Inventory:

Hand Weapons
 v - a +0 dagger of venom (weapon)
Armour
 a - a +0 robe (worn)
 i - a +0 cloak (worn)
 q - a +2 helmet (worn)
Jewellery
 j - a ring of willpower
 m - a ring of protection from cold (right hand)
 x - a ring of see invisible (left hand)
Wands
 z - a wand of paralysis (10)
Scrolls
 b - a scroll of enchant armour {unknown}
 c - 5 scrolls of identify {unknown}
 d - 2 scrolls of fear {unknown}
 g - 2 scrolls of blinking {unknown}
 l - a scroll of magic mapping {unknown}
 n - 2 scrolls of immolation {unknown}
 o - 2 scrolls of teleportation {unknown}
 u - a scroll of torment {unknown}
 w - 2 scrolls of amnesia {unknown}
 y - a scroll of vulnerability {unknown}
 A - a scroll of enchant weapon {unknown}
Potions
 e - a potion of haste
 f - a potion of curing {unknown}
 h - a potion of resistance {unknown}
 k - a potion of attraction {unknown}
 p - a potion of ambrosia {unknown}
 r - 3 potions of mutation {unknown}
 s - 3 potions of brilliance {unknown}
 t - a potion of flight {unknown}


   Skills:
 + Level 3.9 Fighting
 - Level 2.6 Dodging
 - Level 2.1 Stealth
 + Level 3.8 Spellcasting
 + Level 6.1 Ice Magic


You had 5 spell levels left.
You knew the following spells:

 Your Spells              Type           Power      Damage    Failure   Level
a - Freeze                Ice            88%        1d9       1%          1
b - Frozen Ramparts       Ice            44%        1d7       4%          3
c - Ozocubu's Armour      Ice            22%        N/A       4%          3

Your spell library contained the following spells:

 Spells                   Type           Power      Damage    Failure   Level
 Static Discharge         Conj/Air       6%         2-3/arc   26%         2
 Ice Form                 Ice/Tmut       12%        N/A       43%         4
 Summon Ice Beast         Ice/Summ       12%        N/A       43%         4
 Call Canine Familiar     Summ           3%         N/A       45%         3
 Mephitic Cloud           Conj/Pois/Air  3%         N/A       45%         3
 Portal Projectile        Hex/Tloc       6%         N/A       45%         3
 Leda's Liquefaction      Hex/Erth       1%         N/A       86%         4
 Summon Lightning Spire   Summ/Air       3%         N/A       86%         4


Dungeon Overview and Level Annotations

Branches:
Dungeon (4/15)
 Temple: D:4-7

Altars:
Dithmenos
Vehumet
Xom
The Shining One

Shops:
D:4 *

Annotations:
D:4 Grinder


Innate Abilities, Weirdness & Mutations

((You are very nimble when in or above water. (Stealth+, EV+, Speed+++)))
Your lower body shifts to a powerful aquatic tail in water.


Message History

Grinder gestures at you. Pain shoots through your body!
* * * LOW HITPOINT WARNING * * *
Unknown command.
Unknown command.
Unknown command.
Unknown command.
Unknown command.
Unknown command.
Unknown command.
Unknown command.
You closely miss Grinder.
Grinder is almost dead.
Grinder blinks!
Grinder gestures at you. You resist with significant effort.
Unknown command.
Unknown command.
Casting: Frozen Ramparts (dangerous; 4% risk of failure)
Confirm with . or Enter, or press ? or * to list all spells.
Casting: Frozen Ramparts (dangerous; 4% risk of failure)
Press: ? - help, Dir - look around, f - activate The walls around you are covered in ice.
The wall freezes Grinder but does no damage.
Grinder gestures at you. Pain shoots through your body!
* * * LOW HITPOINT WARNING * * *
Unknown command.
Casting: Frozen Ramparts (dangerous; 4% risk of failure)
Confirm with . or Enter, or press ? or * to list all spells.
A film of ice covers your body!
Grinder completely resists.
The wall freezes Grinder but does no damage.
The wall freezes Grinder but does no damage.
Grinder gestures at you. You resist with significant effort.
Unknown command.
You closely miss Grinder.
Grinder is almost dead.
Grinder resists.
The wall freezes Grinder.
Grinder hits you!
You die...

### ..# #########################
#.# #........................ #.#
#.#########.............) #.# #.#
#....########### #.# ####'######
#..#.# #..... #.# #.........#
#..#.# #..... #.#
#.....###.###.####### #..... #.#
#...### ##@###.###.###..... #.#
#....# #5#.#.#.#.#..#..... #.#
#....# #.#.#.#.#.#........
#.####...#.###.###.###.####......
#........###.###.#######...<.....
####>...............##...........
.................................
####...............###...........
#.#.##..####......#.....###⌠##


You could see Grinder.

Vanquished Creatures
  Menkaure (D:4)
  A crimson imp (D:4)
  A hound (D:4)
  An orc wizard (D:4)
  Robin (D:2)
  A gnoll (D:4)
  4 adders (D:2)
  2 worms
  7 orcs (D:4)
  4 bats
  7 endoplasms
  2 giant cockroaches
  16 goblins
  9 hobgoblins
  2 quokkas (D:1)
  2 ball pythons
  2 frilled lizards
  A goblin zombie (D:4)
  6 kobolds
  A kobold zombie (D:4)
  An orc skeleton (D:4)
  An orc zombie (D:4)
  7 rats
80 creatures vanquished.

Notes
Turn   | Place    | Note
-------+----------+-------------------------------------------
     0 | D:1      | safid the Merfolk Ice Elementalist began the quest for the
                  | Orb.
     0 | D:1      | Reached XP level 1. HP: 13/13 MP: 3/3
   226 | D:1      | Reached XP level 2. HP: 18/20 MP: 0/5
   351 | D:1      | Reached skill level 1 in Fighting
   915 | D:2      | Got the Essays on the Winter and the Sky
   966 | D:2      | Reached XP level 3. HP: 26/26 MP: 3/6
   970 | D:2      | Learned a level 3 spell: Frozen Ramparts
  1183 | D:2      | Reached skill level 5 in Ice Magic
  1232 | D:2      | Reached XP level 4. HP: 33/33 MP: 5/8
  1236 | D:2      | Learned a level 3 spell: Ozocubu's Armour
  1559 | D:2      | Noticed Robin
  1581 | D:2      | Killed Robin
  2591 | D:4      | Reached XP level 5. HP: 39/40 MP: 5/9
  2655 | D:4      | Noticed Menkaure
  2670 | D:4      | Killed Menkaure
  2671 | D:4      | Reached XP level 6. HP: 10/47 MP: 6/11
  2918 | D:4      | Found a shadowy altar of Dithmenos.
  2998 | D:4      | Found a shimmering altar of Xom.
  3025 | D:4      | Found a shimmering altar of Xom.
  3033 | D:4      | Found a shimmering altar of Xom.
  3067 | D:4      | Found a radiant altar of Vehumet.
  3075 | D:4      | Became a worshipper of Vehumet
  3155 | D:4      | Found a glowing golden altar of the Shining One.
  3211 | D:4      | Reached skill level 6 in Ice Magic
  3395 | D:4      | Found Luamibb's Assorted Antiques.
  3494 | D:4      | Found a shimmering altar of Xom.
  3494 | D:4      | Found a shimmering altar of Xom.
  3520 | D:4      | Noticed Grinder
  3531 | D:4      | Paralysed by Grinder for 5 turns
  3573 | D:4      | Slain by Grinder

Illustrated notes

Levels and vault maps discovered:
D:1:      beargit_arrival_greenhouse, layout_basic, minivault_14
D:2:      layout_loops_ring, uniq_robin
D:3:      layout_loops_ring, chequers_mini_garden, minmay_misc_feat_square
D:4:      layout_basic, nicolae_elyvilon_temple_path, grunt_dithmenos_smoke,
          nicolae_vehumet_radiance, nicolae_tso_besieged_by_evil,
          xom_redecorated, serial_shops, shop, grunt_decor_resistance,
          minmay_increasing_density, uniq_menkaure, uniq_grinder

Skill      XL: |  1  2  3  4  5  6 |
---------------+-------------------+-----
Fighting       | 1 2 3 |  3.9
Ice Magic      | 5 6 |  6.1
Spellcasting   | 3 |  3.8
Dodging        | |  2.6
Stealth        | |  2.1

Action                     |  1- 3 |  4- 6 || total
---------------------------+-------+-------++-------
  Melee: Unarmed           |    14 |       ||    14
         Whip              |    37 |    14 ||    51
         Tailslap          |     1 |       ||     1
         Dagger            |       |   159 ||   159
         Punch             |       |     1 ||     1
   Cast: Freeze            |    33 |    15 ||    48
         Frozen Ramparts   |       |    12 ||    12
         Ozocubu's Armour  |       |     4 ||     4
    Use: Potion            |       |     2 ||     2
   Stab: Sleeping          |     2 |     1 ||     3
 Armour: Robe              |    15 |    58 ||    73
  Dodge: Dodged            |    52 |   102 ||   154
